BLB
DENVER BULLS @ BALTIMORE BULLDOGS
05/21/2060
 
TOP OF THE 1ST
Denver Bulls batting - Pitching for Baltimore Bulldogs : RHP Stephen Gibbs
Pitching: RHP Stephen Gibbs
Batting: RHB Dalton Brown 0-0: Ball
1-0: Ball
2-0: Fly out, F9 (Flyball, 9, EV 90.0 MPH)
Batting: LHB Johnathan Wang 0-0: Fly out, F1 (Line Drive, P, EV 65.0 MPH)
Batting: RHB Chasson Egan 0-0: Called Strike
0-1: Ball
1-1: Swinging Strike
1-2: Foul Ball, location: 2F
1-2: SINGLE (Groundball, 3D, EV 95.6 MPH)
Batting: LHB Stuart Beale 0-0: Ball
1-0: Called Strike
1-1: Fly out, F9 (Flyball, 89M, EV 95.0 MPH)
Top of the 1st over - 0 runs, 1 hit, 0 errors, 1 left on base; Denver 0 - Baltimore 0
BOTTOM OF THE 1ST
Baltimore Bulldogs batting - Pitching for Denver Bulls : RHP Joel Sawyer
Pitching: RHP Joel Sawyer
Batting: LHB Andy Wulfeck 0-0: Swinging Strike
0-1: Ball
1-1: Ball
2-1: Ball
3-1: Base on Balls
Batting: RHB Joseph Olsen 0-0: Fly out, F8 (Flyball, 78S, EV 90.6 MPH)
Batting: LHB Grady Faulkner 0-0: Called Strike
0-1: Ball
1-1: Called Strike
1-2: Ball
2-2: Strikes out looking
Andy Wulfeck steals 2nd base
Batter strikes out.
Batting: SHB Val Schmit 0-0: Called Strike
0-1: Ball
1-1: Fly out, F7 (Flyball, 7, EV 90.6 MPH)
Bottom of the 1st over - 0 runs, 0 hits, 0 errors, 1 left on base; Denver 0 - Baltimore 0
TOP OF THE 2ND
Denver Bulls batting - Pitching for Baltimore Bulldogs : RHP Stephen Gibbs
Batting: RHB Kyle Bruns 0-0: SOLO HOME RUN (Flyball, 9LD, EV 106.2 MPH), Distance : 389 ft
Batting: LHB Vince Ridgway 0-0: Ground out 4-3 (Groundball, 4, EV 85.0 MPH)
Batting: RHB Liam Gill 0-0: Called Strike
0-1: Swinging Strike
0-2: Foul Ball, location: 2F
0-2: Ball
1-2: Foul Ball, location: 2F
1-2: Strikes out looking
Batting: LHB Ollie Snelgrove 0-0: Called Strike
0-1: Called Strike
0-2: Ball
1-2: Foul Ball, location: 2F
1-2: SINGLE (Flyball, 4D, EV 90.6 MPH)
Batting: SHB T.J. Carter 0-0: Foul Ball, location: 2F
0-1: Foul Ball, location: 2F
0-2: Ball
1-2: Strikes out swinging
Top of the 2nd over - 1 run, 2 hits, 0 errors, 1 left on base; Denver 1 - Baltimore 0
BOTTOM OF THE 2ND
Baltimore Bulldogs batting - Pitching for Denver Bulls : RHP Joel Sawyer
Batting: LHB Owen Keimig 0-0: Ball
1-0: Ball
2-0: Called Strike
2-1: Ball
3-1: SINGLE (Groundball, 4MD, EV 100.6 MPH)
Batting: LHB Justin Castiglioni 0-0: Ball
Owen Keimig steals 2nd base
1-0: Ball
Passed Ball!
Owen Keimig to third
2-0: Ball
3-0: Base on Balls
Batting: RHB James Hylton 0-0: Ball
Justin Castiglioni steals 2nd base
1-0: Swinging Strike
1-1: Foul Ball, location: 2F
1-2: Ball
2-2: Foul Ball, location: 2F
2-2: DOUBLE (Line Drive, 9LM, EV 104.4 MPH)
Owen Keimig scores
Justin Castiglioni scores
Batting: RHB Stephen Cuff 0-0: Foul Ball, location: 2F
0-1: Foul Ball, location: 2F
0-2: Strikes out looking
Batting: RHB Kyle Dodiry 0-0: Swinging Strike
0-1: Swinging Strike
0-2: Reached on error, E8 (Flyball, 8RS, EV 82.5 MPH)
James Hylton to third
Batting: LHB Andy Wulfeck 0-0: Fly out, F7 (Flyball, 78M, EV 83.1 MPH)
Runner from 3rd tags up, SCORES, no throw by LF
Batting: RHB Joseph Olsen 0-0: Ground out 4-3 (Groundball, 4, EV 86.9 MPH)
Bottom of the 2nd over - 3 runs, 2 hits, 1 error, 1 left on base; Denver 1 - Baltimore 3
TOP OF THE 3RD
Denver Bulls batting - Pitching for Baltimore Bulldogs : RHP Stephen Gibbs
Batting: RHB Dalton Brown 0-0: Ball
1-0: Called Strike
1-1: Called Strike
1-2: Foul Ball, location: 2F
1-2: Foul Ball, location: 2F
1-2: Ground out 6-3 (Groundball, P, EV 84.4 MPH)
Batting: LHB Johnathan Wang 0-0: Called Strike
0-1: SINGLE (Line Drive, 78S, EV 96.2 MPH)
Batting: RHB Chasson Egan 0-0: Called Strike
0-1: Ball
1-1: Swinging Strike
1-2: Strikes out looking
Batting: LHB Stuart Beale 0-0: Ball
1-0: Ball
2-0: Swinging Strike
2-1: Called Strike
Johnathan Wang steals 2nd base (no throw)
2-2: Strikes out swinging
Top of the 3rd over - 0 runs, 1 hit, 0 errors, 1 left on base; Denver 1 - Baltimore 3
BOTTOM OF THE 3RD
Baltimore Bulldogs batting - Pitching for Denver Bulls : RHP Joel Sawyer
Batting: LHB Grady Faulkner 0-0: Ball
1-0: Ball
2-0: Ground out 6-3 (Groundball, 6D, EV 85.0 MPH)
Batting: SHB Val Schmit 0-0: Foul Ball, location: 2F
0-1: SINGLE (Groundball, 4D, EV 105.6 MPH)
Batting: LHB Owen Keimig 0-0: Called Strike
0-1: Called Strike
0-2: Ball
1-2: Fly out, F9 (Flyball, 9S, EV 88.8 MPH)
Batting: LHB Justin Castiglioni 0-0: Ground out 6-3 (Groundball, 6S, EV 68.8 MPH)
Bottom of the 3rd over - 0 runs, 1 hit, 0 errors, 1 left on base; Denver 1 - Baltimore 3
TOP OF THE 4TH
Denver Bulls batting - Pitching for Baltimore Bulldogs : RHP Stephen Gibbs
Batting: RHB Kyle Bruns 0-0: Ball
1-0: Foul Ball, location: 2F
1-1: Ball
2-1: Swinging Strike
2-2: Ball
3-2: Strikes out swinging
Batting: LHB Vince Ridgway 0-0: Foul Ball, location: 2F
0-1: Called Strike
0-2: Strikes out swinging
Batting: RHB Liam Gill 0-0: Foul Ball, location: 2F
0-1: Swinging Strike
0-2: Ball
1-2: Ball
2-2: Ball
3-2: Strikes out swinging
Top of the 4th over - 0 runs, 0 hits, 0 errors, 0 left on base; Denver 1 - Baltimore 3
BOTTOM OF THE 4TH
Baltimore Bulldogs batting - Pitching for Denver Bulls : RHP Joel Sawyer
Batting: RHB James Hylton 0-0: Called Strike
0-1: Ground out 5-3 (Groundball, 56S, EV 88.1 MPH)
Batting: RHB Stephen Cuff 0-0: Ground out 6-3 (Groundball, 6M, EV 101.9 MPH)
Batting: RHB Kyle Dodiry 0-0: Foul Ball, location: 2F
0-1: Ball
1-1: Fly out, F6 (Line Drive, 6, EV 69.4 MPH)
Bottom of the 4th over - 0 runs, 0 hits, 0 errors, 0 left on base; Denver 1 - Baltimore 3
TOP OF THE 5TH
Denver Bulls batting - Pitching for Baltimore Bulldogs : RHP Stephen Gibbs
Batting: LHB Ollie Snelgrove 0-0: Foul Ball, location: 2F
0-1: SINGLE (Groundball, 56D, EV 103.1 MPH)
Batting: SHB T.J. Carter 0-0: Foul Ball, location: 2F
0-1: Bunt - Flyout to 3S! F3
Batting: RHB Dalton Brown 0-0: Called Strike
Ollie Snelgrove is caught stealing 2nd base 2-4
0-1: Foul Ball, location: 2F
0-2: Fly out, F7 (Flyball, 7D, EV 76.2 MPH)
Top of the 5th over - 0 runs, 1 hit, 0 errors, 0 left on base; Denver 1 - Baltimore 3
BOTTOM OF THE 5TH
Baltimore Bulldogs batting - Pitching for Denver Bulls : RHP Joel Sawyer
Batting: LHB Andy Wulfeck 0-0: Ball
1-0: Ball
2-0: Called Strike
2-1: Ball
3-1: Foul Ball, location: 2F
3-2: Fly out, F9 (Flyball, 89D, EV 108.8 MPH)
Batting: RHB Joseph Olsen 0-0: Ball
1-0: Ground out 5-3 (Groundball, 5, EV 87.5 MPH)
Batting: LHB Grady Faulkner 0-0: Ball
1-0: Fly out, F8 (Line Drive, 8LXD, EV 97.5 MPH)
Bottom of the 5th over - 0 runs, 0 hits, 0 errors, 0 left on base; Denver 1 - Baltimore 3
TOP OF THE 6TH
Denver Bulls batting - Pitching for Baltimore Bulldogs : RHP Stephen Gibbs
Batting: LHB Johnathan Wang 0-0: Foul Ball, location: 2F
0-1: Swinging Strike
0-2: Strikes out looking
Batting: RHB Chasson Egan 0-0: Ball
1-0: Called Strike
1-1: Fly out, F9 (Line Drive, 9, EV 83.8 MPH)
Batting: LHB Stuart Beale 0-0: Ball
1-0: Ball
2-0: DOUBLE (Line Drive, 78M, EV 100.0 MPH)
Batting: RHB Kyle Bruns 0-0: Called Strike
0-1: Fly out, F9 (Flyball, 9S, EV 88.1 MPH)
Top of the 6th over - 0 runs, 1 hit, 0 errors, 1 left on base; Denver 1 - Baltimore 3
BOTTOM OF THE 6TH
Baltimore Bulldogs batting - Pitching for Denver Bulls : RHP Joel Sawyer
Pitching: LHP Duncan Mulifi
Batting: SHB Val Schmit 0-0: Foul Ball, location: 2F
0-1: Foul Ball, location: 2F
0-2: Strikes out looking
Batting: LHB Owen Keimig 0-0: Ball
1-0: Foul Ball, location: 2F
1-1: Ball
2-1: Foul Ball, location: 2F
2-2: Ball
3-2: Strikes out swinging
Batting: LHB Justin Castiglioni 0-0: Ball
1-0: Fly out, F8 (Flyball, 8RM, EV 91.9 MPH)
Bottom of the 6th over - 0 runs, 0 hits, 0 errors, 0 left on base; Denver 1 - Baltimore 3
TOP OF THE 7TH
Denver Bulls batting - Pitching for Baltimore Bulldogs : RHP Stephen Gibbs
Now at 1B: Cole Watson
Now at 2B: Peter Clothier
Batting: LHB Vince Ridgway 0-0: Ball
1-0: SINGLE (Line Drive, 5D, EV 98.1 MPH)
Batting: RHB Liam Gill
Pinch Hitting: RHB Lambert Howard 0-0: Ball
1-0: Reached on error, E2 (Groundball, 2L, EV 43.8 MPH)
Vince Ridgway to third
Batting: LHB Ollie Snelgrove 0-0: Ball
1-0: Ball
2-0: Foul Ball, location: 2F
2-1: Called Strike
2-2: Ball
3-2: Foul Ball, location: 2F
3-2: Base on Balls
Batting: SHB T.J. Carter 0-0: Called Strike
0-1: Ball
1-1: Ball
2-1: Ball
3-1: Grounds into fielders choice 4-2 (Groundball, 34, EV 91.9 MPH)
Lambert Howard to third
Ollie Snelgrove to second
Pitching: RHP Tommy Wilson
Batting: RHB Dalton Brown 0-0: Called Strike
0-1: Grounds into double play, 6-2-3 (Groundball, 6MS, EV 70.0 MPH)
Top of the 7th over - 0 runs, 1 hit, 1 error, 2 left on base; Denver 1 - Baltimore 3
BOTTOM OF THE 7TH
Baltimore Bulldogs batting - Pitching for Denver Bulls : LHP Duncan Mulifi
Now at SS: Odell Mapute
Batting: RHB James Hylton 0-0: SINGLE (Line Drive, 8RS, EV 105.6 MPH)
Batting: RHB Stephen Cuff 0-0: Ball
1-0: Ball
2-0: Bunted foul
2-1: Ball
James Hylton steals 2nd base
3-1: Sac Bunt to P - play at first, batter OUT! 1-4
James Hylton to third
Batting: RHB Kyle Dodiry 0-0: Ball
1-0: SINGLE (Groundball, 6MD, EV 104.4 MPH)
James Hylton scores
Batting: LHB Andy Wulfeck 0-0: Ball
1-0: Foul Ball, location: 2F
1-1: Ball
2-1: Fielders Choice at 2nd, 4-6 (Groundball, 4, EV 87.5 MPH)
Batting: RHB Joseph Olsen 0-0: Called Strike
0-1: Swinging Strike
0-2: Strikes out swinging
Bottom of the 7th over - 1 run, 2 hits, 0 errors, 1 left on base; Denver 1 - Baltimore 4
TOP OF THE 8TH
Denver Bulls batting - Pitching for Baltimore Bulldogs : RHP Tommy Wilson
Batting: LHB Johnathan Wang 0-0: Ball
1-0: Swinging Strike
1-1: Ball
2-1: Ball
3-1: Foul Ball, location: 2F
3-2: Strikes out swinging
Batting: RHB Chasson Egan 0-0: Ball
1-0: Fly out, F7 (Flyball, 7S, EV 90.0 MPH)
Batting: LHB Stuart Beale 0-0: Ball
1-0: Ball
2-0: Foul Ball, location: 2F
2-1: Foul Ball, location: 2F
2-2: Ball
3-2: Ground out 6-3 (Groundball, 6, EV 83.1 MPH)
Top of the 8th over - 0 runs, 0 hits, 0 errors, 0 left on base; Denver 1 - Baltimore 4
BOTTOM OF THE 8TH
Baltimore Bulldogs batting - Pitching for Denver Bulls : LHP Duncan Mulifi
Batting: SHB Cole Watson 0-0: Swinging Strike
0-1: Ball
1-1: Fly out, F7 (Flyball, 7S, EV 89.4 MPH)
Batting: SHB Val Schmit 0-0: Called Strike
0-1: Ball
1-1: Foul Ball, location: 2F
1-2: Foul Ball, location: 2F
1-2: Strikes out swinging
Batting: LHB Peter Clothier 0-0: Foul Ball, location: 2F
0-1: Foul Ball, location: 2F
0-2: Strikes out swinging
Bottom of the 8th over - 0 runs, 0 hits, 0 errors, 0 left on base; Denver 1 - Baltimore 4
TOP OF THE 9TH
Denver Bulls batting - Pitching for Baltimore Bulldogs : RHP Tommy Wilson
Batting: RHB Kyle Bruns 0-0: Ball
1-0: Ball
2-0: Ground out 6-3 (Groundball, 6, EV 106.9 MPH)
Batting: LHB Vince Ridgway 0-0: Ball
1-0: Called Strike
1-1: Called Strike
1-2: Ball
2-2: Ball
3-2: Foul Ball, location: 2F
3-2: Ground out 4-3 (Groundball, 4, EV 101.2 MPH)
Batting: RHB Odell Mapute 0-0: Hit by Pitch
Batting: LHB Ollie Snelgrove 0-0: Ball
1-0: Ball
2-0: Called Strike
2-1: Ball
3-1: Foul Ball, location: 2F
3-2: Foul Ball, location: 2F
3-2: Strikes out swinging
Top of the 9th over - 0 runs, 0 hits, 0 errors, 1 left on base; Denver 1 - Baltimore 4
Wednesday, May 1st , 2024 - OOTP Baseball 23.10 Build 110